 Dungeon Crawl Stone Soup version 0.30.0-5-g1a98f26d00 (webtiles) character file.

Game seed: 14104723423813436738

35 backslashecho the Slasher (level 3, -1/31 HPs)
             Began as a Gnoll Reaver on May 10, 2023.
             Slain by a gnoll
             ... wielding a +0 flail
              (11 damage)
             ... on level 1 of the Dungeon.
             The game lasted 00:01:45 (986 turns).

backslashecho the Slasher (Gnoll Reaver)             Turns: 986, Time: 00:01:45

Health: -1/31      AC:  2    Str: 13    XL:     3   Next: 35%
Magic:  9/9        EV: 12    Int: 12    God:
Gold:   51         SH:  0    Dex: 10    Spells: 11/12 levels left

rFire   . . .        a - +0 falchion
rCold   . . .        (no shield)
rNeg    . . .        e - +0 leather armour
rPois   .            (no helmet)
rElec   .            (no cloak)
rCorr   .            h - +0 pair of gloves
SInv    .            (no boots)
Will    .....        (no amulet)
Stlth   +            (no ring)
HPRegen 0.25/turn    (no ring)
MPRegen 0.11/turn

%: no passive effects
@: no status effects
A: fangs 1, strong nose, distributed training, hooves 1, deformed body
a: no special abilities


You were on level 1 of the Dungeon.
You visited 1 branch of the dungeon, and saw 2 of its levels.

You collected 51 gold pieces.

Inventory:

Hand Weapons
 a - a +0 falchion (weapon)
 b - a +1 dagger of venom
Missiles
 g - 5 boomerangs of dispersal (quivered)
Armour
 e - a +0 leather armour (worn)
 h - a +0 pair of gloves (worn)
Scrolls
 c - 4 scrolls of enchant armour {unknown}
 f - a scroll of vulnerability {unknown}
 j - a scroll of identify {unknown}
 l - a scroll of poison {unknown}
Potions
 i - a potion of ambrosia {unknown}
 k - a potion of attraction {unknown}


   Skills:
 + Level 4.5 Fighting
 + Level 0.8 Short Blades
 + Level 6.5 Long Blades
 + Level 0.8 Axes
 + Level 0.8 Maces & Flails
 + Level 0.8 Polearms
 + Level 0.8 Staves
 + Level 0.8 Ranged Weapons
 + Level 0.8 Throwing
 + Level 0.8 Armour
 + Level 4.5 Dodging
 + Level 0.8 Stealth
 + Level 0.8 Shields
 + Level 0.8 Unarmed Combat
 + Level 5.0 Spellcasting
 + Level 5.4 Conjurations
 + Level 0.5 Hexes
 + Level 0.5 Summonings
 + Level 0.5 Necromancy
 + Level 0.5 Translocations
 + Level 0.5 Transmutations
 + Level 0.5 Fire Magic
 + Level 0.5 Ice Magic
 + Level 0.5 Air Magic
 + Level 0.5 Earth Magic
 + Level 0.5 Poison Magic
 + Level 1.0 Invocations
 + Level 0.8 Evocations


You had 11 spell levels left.
You knew the following spells:

 Your Spells              Type           Power      Damage    Failure   Level
a - Kiss of Death         Conj/Necr      40%        2d8       8%          1

Your spell library contained the following spells:

 Spells                   Type           Power      Damage    Failure   Level
 Momentum Strike          Conj/Tloc      20%        3d8       11%         2
 Hailstorm                Conj/Ice       10%        3d5       22%         3


Dungeon Overview and Level Annotations

Branches:
Dungeon (2/15)

Altars:
Qazlal


Innate Abilities, Weirdness & Mutations

You have very sharp teeth.
Your uncanny sense of smell can sniff out nearby items.
Your experience applies equally to all skills.
You have large cloven feet.
Armour fits poorly on your strangely shaped body.


Message History

You kill the kobold!
You see here a +0 short sword.
No target in view!
No target in view!
You see here a +0 short sword.
There is a stone staircase leading up here.
You open the door. 2 gnolls come into view.
The gnoll shouts! x2; You hear a shout!
A gnoll comes into view. It is wielding a +0 halberd.
There is an open door here.
The gnoll hits you with a +0 whip!
A gnoll comes into view. It is wielding a +0 whip.
You take 8 damage, and have 23/31 hp.
MASSIVE DAMAGE!!
You closely miss the gnoll.
The gnoll shouts!
The gnoll hits you with a +0 whip.
You take 5 damage, and have 18/31 hp.
You slash the gnoll!
The gnoll is severely wounded.
There is an open door here.
The gnoll throws a throwing net.
The throwing net barely misses you.
There is a stone staircase leading up here.
The gnoll throws a throwing net.
The throwing net hits you.
You become entangled in the net!
You stop ascending the stairs.
You struggle against the net.
You struggle against the net.
You shred the net and break free! The gnoll closely misses you.
The gnoll hits you but does no damage. The gnoll hits you with a +0 flail.
The gnoll barely misses you.
You climb upwards.
There is a stone staircase leading down here.
You take 1 damage, and have 19/31 hp.
You closely miss the gnoll. The gnoll closely misses you.
You hit the gnoll.
The gnoll is moderately wounded.
The gnoll hits you with a +0 flail!
* * * LOW HITPOINT WARNING * * *
You take 10 damage, and have 9/31 hp.
MASSIVE DAMAGE!!
You closely miss the gnoll. Your bite misses the gnoll.
The gnoll is moderately wounded.
The gnoll closely misses you. The gnoll attacks as you move away!
The gnoll hits you but does no damage.
You barely miss the gnoll.
The gnoll is moderately wounded.
The gnoll barely misses you.
It was a potion of mutation.
You feel extremely strange.
Your feet thicken and deform.
Your body twists and deforms.
The gnoll hits you with a +0 flail!
You die...

#........ #......##
#######...
############........#
#....................
##.#########........>
#.# #.....'.........
#.###.#####.........
#..@g.# #.........
####### #.........
#......... #.........
##########


You could see a gnoll.

Vanquished Creatures
  A dart slug (D:2)
  A ball python (D:1)
  2 endoplasms (D:1)
  A giant cockroach (D:1)
  3 goblins (D:1)
  3 hobgoblins
  8 kobolds
  2 quokkas (D:1)
  4 bats (D:1)
  A frilled lizard (D:1)
  4 rats (D:1)
30 creatures vanquished.

Notes
Turn   | Place    | Note
-------+----------+-------------------------------------------
     0 | D:1      | backslashecho the Gnoll Reaver began the quest for the Orb.
     0 | D:1      | Reached XP level 1. HP: 20/20 MP: 6/6
    72 | D:1      | Reached XP level 2. HP: 26/26 MP: 7/7
   310 | D:1      | You fall into a shaft and drop 1 floor!
   390 | D:2      | Reached skill level 5 in Spellcasting
   390 | D:2      | Reached XP level 3. HP: 29/31 MP: 7/9
   409 | D:2      | Found a stormy altar of Qazlal.
   685 | D:1      | Reached skill level 1 in Invocations
   986 | D:1      | Gained mutation: You have large cloven feet. [potion of
                  | mutation]
   986 | D:1      | Gained mutation: Armour fits poorly on your strangely
                  | shaped body. [potion of mutation]
   986 | D:1      | Slain by a gnoll

Illustrated notes

Levels and vault maps discovered:
D:1:      ncdulo_wetmaze, layout_basic
D:2:      minmay_evil_eye, layout_basic, serial_curves, eino_curves_01,
          eino_curves_04, basic_altar, chequers_serial_rivers_large_b

Skill      XL: |  1  2  3 |
---------------+----------+-----
Spellcasting   | 5 |  5.0
Invocations    | 1 |  1.0
Fighting       | |  4.5
Short Blades   | |  0.8
Long Blades    | |  6.5
Axes           | |  0.8
Maces & Flails | |  0.8
Polearms       | |  0.8
Staves         | |  0.8
Ranged Weapons | |  0.8
Throwing       | |  0.8
Armour         | |  0.8
Dodging        | |  4.5
Stealth        | |  0.8
Shields        | |  0.8
Unarmed Combat | |  0.8
Conjurations   | |  5.4
Hexes          | |  0.5
Summonings     | |  0.5
Necromancy     | |  0.5
Translocations | |  0.5
Transmutations | |  0.5
Fire Magic     | |  0.5
Ice Magic      | |  0.5
Air Magic      | |  0.5
Earth Magic    | |  0.5
Poison Magic   | |  0.5
Evocations     | |  0.8

Action                     || total
---------------------------++-------
  Melee: Falchion          ||   105
         Bite              ||     9
         Punch             ||     1
    Use: Potion            ||     1
 Armour: Leather armour    ||    29
  Dodge: Dodged            ||    66
